 Dungeon Crawl Stone Soup version 0.30-a0-341-g682706514a (webtiles) character file.

Game seed: 11900482260611415617

500 porpoise the Trooper (level 6, -7/51 HPs)
             Began as a Demonspawn Brigand on Nov 5, 2022.
             Was an Initiate of Yredelemnul.
             Killed from afar by an electric eel (10 damage)
             ... with a bolt of electricity
             ... on level 6 of the Dungeon.
             The game lasted 00:19:22 (4079 turns).

porpoise the Trooper (Demonspawn Brigand)           Turns: 4079, Time: 00:19:22

Health: -7/51      AC: 10    Str: 11    XL:     6   Next: 94%
Magic:  6/6        EV: 11    Int: 12    God:    Yredelemnul [......]
Gold:   340        SH:  0    Dex: 17    Spells: 5/5 levels left

rFire   . . .      SeeInvis .    a - +2 short sword (elec)
rCold   . . .      Faith    .    (no shield)
rNeg    . . .      Spirit   .    t - +3 leather armour
rPois   .          Reflect  .    (no helmet)
rElec   .          Harm     .    c - +0 cloak
rCorr   .          Rampage  .    h - +0 pair of gloves
Will    .....                    D - +0 pair of boots
Stlth   +++.......               y - amulet of regeneration
HPRegen 1.08/turn                (no ring)
MPRegen 0.10/turn                (no ring)

@: no status effects
A: claws 1, foul stench 1, spiny 1, sharp scales 1
a: Renounce Religion, Recall Undead Harvest


You were on level 6 of the Dungeon.
You worshipped Yredelemnul.
Yredelemnul was noncommittal.
You visited 1 branch of the dungeon, and saw 6 of its levels.

You collected 340 gold pieces.

Inventory:

Hand Weapons
 a - a +2 short sword of electrocution (weapon)
 u - a +2 dagger
Missiles
 d - 5 boomerangs
 e - 3 curare-tipped darts
 q - 5 javelins
 v - a throwing net
 w - 13 poisoned darts (quivered)
Armour
 c - a +0 cloak (worn)
 h - a +0 pair of gloves (worn)
 t - a +3 leather armour (worn)
 D - a +0 pair of boots (worn)
 E - a +0 kite shield
Jewellery
 y - an amulet of regeneration (around neck)
Wands
 b - a wand of polymorph (6)
 r - a wand of paralysis (9)
Scrolls
 g - a scroll of fear
 n - 2 scrolls of blinking
 p - a scroll of summoning {unknown}
 s - 2 scrolls of teleportation
 x - a scroll of butterflies
 A - a scroll of noise {unknown}
 B - a scroll of acquirement {unknown}
 C - a scroll of identify
Potions
 f - a potion of berserk rage
 i - a potion of curing
 j - a potion of lignification {unknown}
 k - 2 potions of resistance
 l - 2 potions of heal wounds
 m - 3 potions of haste
 o - a potion of mutation {unknown}
 z - a potion of cancellation {unknown}


   Skills:
 * Level 5.1 Fighting
 * Level 4.7 Short Blades
 - Level 1.7 Throwing
 - Level 0.8 Dodging
 + Level 4.5 Stealth


You had 5 spell levels left.
You didn't know any spells.
Your spell library contained the following spells:

 Spells                   Type           Power      Damage    Failure   Level
 Beastly Appendage        Tmut           0%         N/A       41%         1
 Necrotise                Necr           0%         1d4       41%         1
 Wereblood                Tmut           0%         N/A       54%         2
 Spider Form              Tmut/Pois      0%         N/A       78%         3
 Vampiric Draining        Necr           0%         2d6       78%         3
 Agony                    Necr           0%         N/A       100%        5


Dungeon Overview and Level Annotations

Branches:
Dungeon (6/15)             Temple (0/1) D:5

Altars:
Ashenzari
Kikubaaqudgha
Nemelex Xobeh
Qazlal
Trog
Xom
Yredelemnul

Shops:
D:2 (

Annotations:
D:5 exclusion: downstairs


Innate Abilities, Weirdness & Mutations

You have sharp fingernails.
You may rarely emit foul miasma when damaged in melee.
You are partially covered in sharp spines.
You are partially covered in razor-sharp scales. (AC +1, Slay +1)


Message History

The electric eel shoots out a bolt of lightning at you!
The bolt of electricity hits you!
The electric eel shoots out a bolt of lightning at you!
The bolt of electricity hits the electric eel.
The electric eel completely resists.
The bolt of electricity hits you.
The electric eel shoots out a bolt of lightning at you!
The bolt of electricity misses you.
You swap places.
The electric eel shoots out a bolt of lightning at you!
The bolt of electricity hits you but does no damage.
The electric eel shoots out a bolt of lightning at you!
The bolt of electricity hits you!
A dart slug comes into view.
You miss the electric eel.
The electric eel shoots out a bolt of lightning at you!
The bolt of electricity hits the electric eel.
The electric eel completely resists.
The bolt of electricity hits you!
The electric eel shoots out a bolt of lightning at you!
The bolt of electricity hits the electric eel.
The electric eel completely resists.
The bolt of electricity hits the electric eel.
The electric eel completely resists.
The bolt of electricity hits you!
Okay, then.
Unknown command.
Okay, then.
Unknown command.
Unknown command.
You swap places.
The electric eel shoots out a bolt of lightning at you!
The bolt of electricity hits your dart slug zombie!
Your dart slug zombie is destroyed!
The bolt of electricity hits you!
* * * LOW HITPOINT WARNING * * *
The electric eel shoots out a bolt of lightning at you!
The bolt of electricity hits you!
* * * LOW HITPOINT WARNING * * *
The electric eel shoots out a bolt of lightning at you!
The bolt of electricity hits you!
You die...
Your body rises from the dead as a mindless zombie.

#.... .. #...# ... #...# #.#
#...# ###.# #...######
....########.........
###...........#######
#.............#
#.#.......@...#
#S##+#####..##########
#.~≈≈≈wS#w## #............<#
.
~≈w#~wwS~≈≈##..##.##########
#~ ≈~..♣#~≈≈≈#.# #.#
w~≈≈#≈..~/~≈≈~.# #.#
#≈≈#≈≈.~~≈~Sw~ #.#
~≈#≈≈≈~.~~≈≈~~~ #.#
≈≈~~~~...~≈≈~≈S~ #.#


You could see an electric eel.

Vanquished Creatures
  An ice beast (D:4)
  2 necrophages (D:4)
  A jelly (D:4)
  A hound (D:5)
  2 iguanas
  An orc wizard (D:4)
  A mummy (D:5)
  3 adders
  An ufetubus (D:4)
  A worm (D:2)
  6 dart slugs
  6 orcs
  7 bats
  6 endoplasms
  4 giant cockroaches
  4 goblins
  3 hobgoblins
  6 jackals
  4 kobolds
  9 quokkas
  8 ball pythons
  3 hobgoblin zombies (D:5)
  A kobold zombie (D:5)
  5 rats
86 creatures vanquished.

Vanquished Creatures (others)
  An adder zombie (D:6)
  A dart slug zombie (D:6)
2 creatures vanquished.

Grand Total: 88 creatures vanquished

Notes
Turn   | Place    | Note
-------+----------+-------------------------------------------
     0 | D:1      | porpoise the Demonspawn Brigand began the quest for the
                  | Orb.
     0 | D:1      | Reached XP level 1. HP: 16/16 MP: 1/1
   299 | D:1      | Gained mutation: You may rarely emit foul miasma when
                  | damaged in melee. [demonic ancestry]
   299 | D:1      | Reached XP level 2. HP: 20/23 MP: 2/2
   655 | D:1      | Found a faded altar of an unknown god.
   811 | D:2      | Found Guapuofe's Antique Weapon Boutique.
   867 | D:2      | Gained mutation: You are partially covered in sharp spines.
                  | [demonic ancestry]
   867 | D:2      | Reached XP level 3. HP: 28/28 MP: 3/3
  1055 | D:2      | Reached skill level 3 in Fighting
  1640 | D:3      | Found a stormy altar of Qazlal.
  1830 | D:3      | Reached XP level 4. HP: 35/35 MP: 4/4
  2031 | D:3      | Found a broken altar of Ashenzari.
  2034 | D:3      | Found a bloodstained altar of Trog.
  2041 | D:3      | Found an ancient bone altar of Kikubaaqudgha.
  2048 | D:3      | Found a basalt altar of Yredelemnul.
  2069 | D:3      | Became a worshipper of Yredelemnul the Dark
  2444 | D:4      | Reached * piety under Yredelemnul
  2506 | D:4      | Found a shimmering altar of Xom.
  2756 | D:4      | Noticed an ice beast
  2767 | D:4      | Gained mutation: You are partially covered in razor-sharp
                  | scales. (AC +1, Slay +1) [demonic ancestry]
  2767 | D:4      | Reached XP level 5. HP: 35/38 MP: 5/5
  2770 | D:4      | Killed an ice beast
  2771 | D:4      | Reached skill level 4 in Fighting
  2912 | D:4      | Found a sparkling altar of Nemelex Xobeh.
  2927 | D:4      | Gained mutation: You have sharp fingernails. [demonic
                  | ancestry]
  2927 | D:4      | Reached XP level 6. HP: 47/49 MP: 6/6
  3207 | D:5      | Entered Level 5 of the Dungeon
  3459 | D:5      | Found a staircase to the Ecumenical Temple.
  3793 | D:5      | Reached skill level 5 in Fighting
  4078 | D:6      | HP: 2/51 [electric eel/bolt of electricity (11)]
  4079 | D:6      | Killed from afar by an electric eel

Illustrated notes

Levels and vault maps discovered:
D:1:      dpeg_arrival_rooms_a, layout_basic,
          hellmonk_ecumenical_altar_leap_of_faith, minmay_tromino_i2
D:2:      layout_loops_ring, serial_shops, shop_coins
D:3:      layout_loops_ring, nicolae_overflow_hallway_of_the_gods,
          mainiacjoe_overflow_tiny_flanked, portal_sewer_entry_f
D:4:      layout_rooms, mainiacjoe_overflow_small_starburst,
          mainiacjoe_overflow_concentric_impassable, mrwooster_statue_mirror
D:5:      layout_basic, kennysheep_mini, minmay_temple_entry_statues_fountains,
          minmay_mini_ossuary
D:6:      kennysheep_slugbush, layout_basic, uniq_grinder, uniq_sigmund

Skill      XL: |  1  2  3  4  5  6 |
---------------+-------------------+-----
Short Blades   | 2 3 4 |  4.7
Fighting       | 3 4 5 |  5.1
Stealth        | 4 |  4.5
Throwing       | |  1.7
Dodging        | |  0.8

Action                   |  1- 3 |  4- 6 || total
-------------------------+-------+-------++-------
Melee: Dagger            |    93 |    19 ||   112
       Short sword       |       |    76 ||    76
Throw: Dart              |    45 |    20 ||    65
       Boomerang         |       |     1 ||     1
Evoke: Wand              |       |     3 ||     3
  Use: Scroll            |     5 |     4 ||     9
 Stab: Sleeping          |     3 |     6 ||     9
       Paralysed         |       |     2 ||     2
Armor: Robe              |    24 |       ||    24
       Leather armour    |       |    19 ||    19
Dodge: Dodged            |    39 |    27 ||    66

Table legend: (Time is in decaauts)
 A = Elapsed time spent in this place.
 B = Non-inter-level travel time spent in this place.
 C = Inter-level travel time spent in this place.
 D = Time resting spent in this place.
 E = Time spent auto-exploring this place.
 F = Levels seen in this place.
 G = Mean time per level.
                   A        B        C        D        E       F      G
               +--------+--------+--------+--------+--------+-----+--------+
         Total |   4051 |   3907 |    144 |    504 |   2591 |   6 |  675.2 |
       Dungeon |   4051 |   3907 |    144 |    504 |   2591 |   6 |  675.2 |
               +--------+--------+--------+--------+--------+-----+--------+

Top non-repeatable levels by time:
     D:2: 839 daAuts
     D:4: 807 daAuts
     D:5: 783 daAuts
     D:3: 781 daAuts
     D:1: 756 daAuts
     D:6: 82 daAuts
